 Dungeon Crawl Stone Soup version 0.21.1-1-g345015fe64 (webtiles) character file.

2090 Norrik the Fighter (level 9, 0/86 HPs)
             Began as a Minotaur Monk on Mar 21, 2018.
             Was a Priest of Okawaru.
             Slain by an orc warrior
             ... wielding a +0 flail
              (10 damage)
             ... on level 6 of the Dungeon.
             The game lasted 00:26:31 (6012 turns).

Norrik the Fighter (Minotaur Monk)                  Turns: 6012, Time: 00:26:32

Health: 0/86       AC: 11    Str: 18    XL:     9   Next: 6%
Magic:  6/8        EV:  5    Int:  8    God:    Okawaru [***...]
Gold:   399        SH:  5    Dex: 13    Spells: 8/8 levels left

rFire    . . .     SeeInvis .   a - +0 hand axe
rCold    . . .     Gourm    .   u - +2 buckler
rNeg     . . .     Faith    .   E - +0 plate armour
rPois    .         Spirit   .   (helmet restricted)
rElec    .         Reflect  .   (no cloak)
rCorr    .         Harm     .   w - +0 pair of gloves
MR       .....                  (no boots)
Stlth    ..........             (no amulet)
HPRegen  0.24/turn              p - ring of flight
MPRegen  0.11/turn              (no ring)

@: no status effects
A: retaliatory headbutt, horns 2
a: Heroism, Renounce Religion, Evoke Flight


You were on level 6 of the Dungeon.
You worshipped Okawaru.
Okawaru was most pleased with you.
You were not hungry.

You visited 1 branch of the dungeon, and saw 6 of its levels.
You also visited: Sewer.

You collected 399 gold pieces.

Inventory:

Hand Weapons
 a - a +0 hand axe (weapon)
Missiles
 l - 145 stones (quivered)
 n - 81 arrows
Armour
 r - a +0 scale mail
 u - a +2 buckler (worn)
 w - a +0 pair of gloves (worn)
 E - a +0 plate armour (worn)
Jewellery
 p - a ring of flight (left hand)
 y - an uncursed ring of fire {unknown}
 D - a +2 ring of intelligence {unknown}
Wands
 i - a wand of random effects (28)
 B - a wand of disintegration (28)
Scrolls
 b - a scroll of blinking {unknown}
 d - a scroll of random uselessness {unknown}
 f - a scroll of amnesia
 g - 5 scrolls of remove curse
 j - 2 scrolls of immolation {unknown}
 m - 6 scrolls of identify
 q - 2 scrolls of magic mapping {unknown}
 s - a scroll of enchant weapon {unknown}
 x - a scroll of fog {unknown}
 A - 3 scrolls of teleportation {unknown}
Potions
 e - a potion of flight {unknown}
 h - 3 potions of brilliance
 k - a potion of curing {unknown}
 o - 2 potions of might {unknown}
 t - a potion of degeneration {unknown}
 v - a potion of haste {unknown}
 C - 2 potions of invisibility {unknown}
 F - 2 potions of heal wounds
 H - a potion of mutation {unknown}
 I - 2 potions of resistance {unknown}
Books
 z - a book of Conjurations

   Spells                             Type                      Level
   a - Magic Dart                     Conjuration                  1
   b - Searing Ray                    Conjuration                  2
   c - Dazzling Spray                 Conjuration/Hexes            3
   d - Fulminant Prism                Conjuration/Hexes            4
   e - Force Lance                    Conjuration/Translocation    4
   f - Iskenderun's Mystic Blast      Conjuration                  4
Comestibles
 c - 10 rations
 G - 6 chunks of flesh


   Skills:
 - Level 10.6 Fighting
 + Level 10.5 Axes
 - Level 0.8 Armour
 - Level 3.2 Dodging
 - Level 1.5 Stealth


You had 8 spell levels left.
You didn't know any spells.

Dungeon Overview and Level Annotations

Branches:
Dungeon (6/15)
 Temple: D:4-7

Altars:
Elyvilon
Fedhas
Gozag
Hepliaklqana
Kikubaaqudgha
Okawaru
Ru
Vehumet

Shops:
D:2 *   D:4 %

Annotations:
D:5 Prince Ribbit


Innate Abilities, Weirdness & Mutations

You reflexively headbutt those who attack you in melee.
You have a pair of horns on your head.


Message History

The orc warrior is heavily wounded.
You block the orc warrior's attack.
An iguana comes into view.
The iguana hisses angrily.
You hit the orc warrior but do no damage.
The orc warrior is heavily wounded.
The orc warrior hits you with a flail!!
* * * LOW HITPOINT WARNING * * *
You hit the orc warrior. Your headbutt misses the orc warrior.
The orc warrior is severely wounded.
You hit the orc warrior. You headbutt the orc warrior.
The orc warrior is almost dead.
The orc warrior hits you but does no damage.
You closely miss the orc warrior.
The orc warrior is almost dead.
You block the orc warrior's attack.
You hit the orc warrior.
The orc warrior is almost dead.
The orc warrior hits you with a flail!
You die...

). .# # .#
.# .##.##
l#... [..
#########o#
#.).....@)#
#.#########
#)# #[#
#.#######
#.......#
#######.#
#.# #.# ###


You could see an orc warrior and an iguana.

Vanquished Creatures
  Pikel (D:6)
  The ghost of Blank the Poker, an amateur MfSk (D:3)
  Menkaure (D:6)
  2 orc warriors (D:6)
  A phantom (D:5)
  A centaur (D:6)
  A gnoll sergeant (D:5)
  2 bullfrogs (Sewer)
  2 scorpions
  A howler monkey (D:5)
  A crimson imp (D:6)
  A bullfrog zombie (D:5)
  A jelly (D:5)
  3 orc priests
  2 bullfrog skeletons
  2 orc wizards (D:6)
  2 worker ants
  A killer bee zombie (D:6)
  A worker ant zombie (D:6)
  4 gnolls (D:5)
  12 adders
  An adder skeleton (D:5)
  3 worms (D:2)
  A dart slug (D:1)
  6 leopard geckos
  12 orcs
  5 ball pythons
  11 giant cockroaches
  3 goblins
  9 hobgoblins
  4 jackals (D:1)
  2 quokkas
  9 bats
  8 frilled lizards
  6 kobolds
  A quokka skeleton (D:5)
  5 rats
129 creatures vanquished.

Vanquished Creatures (others)
  2 slaves (D:6)
  Blork the orc (D:6)
  An adder (D:6)
4 creatures vanquished.

Grand Total: 133 creatures vanquished

Notes
Turn   | Place    | Note
-------+----------+-------------------------------------------
     0 | D:1      | Norrik the Minotaur Monk began the quest for the Orb.
     0 | D:1      | Reached XP level 1. HP: 19/19 MP: 0/0
   264 | D:1      | Reached XP level 2. HP: 25/26 MP: 1/1
   992 | D:2      | Reached skill level 5 in Axes
   992 | D:2      | Reached XP level 3. HP: 31/31 MP: 2/2
  1080 | D:2      | Found an iron altar of Okawaru.
  1119 | D:2      | Reached XP level 4. HP: 19/39 MP: 3/3
  1285 | D:2      | Became a worshipper of Warmaster Okawaru
  1285 | D:2      | Reached * piety under Okawaru
  1285 | D:2      | Reached ** piety under Okawaru
  1351 | D:2      | You fall through a shaft!
  1476 | D:2      | Found Gozag's Platinum Reserve.
  1478 | D:2      | Found an opulent altar of Gozag.
  1865 | D:3      | Noticed Blank's ghost (amateur MfSk)
  1900 | D:3      | Killed Blank's ghost
  1900 | D:3      | Reached skill level 5 in Fighting
  1900 | D:3      | Reached XP level 5. HP: 28/48 MP: 0/4
  1900 | D:3      | Reached XP level 6. HP: 33/56 MP: 0/5
  2409 | D:4      | Found Kamar's Food Boutique.
  2489 | D:4      | Found a white marble altar of Elyvilon.
  2882 | D:4      | Found a glowing drain.
  2891 | Sewer    | Entered a sewer
  3282 | Sewer    | Reached XP level 7. HP: 44/64 MP: 6/6
  3763 | D:5      | Entered Level 5 of the Dungeon
  3944 | D:5      | Found an ancient bone altar of Kikubaaqudgha.
  3945 | D:5      | Found a blossoming altar of Fedhas.
  3947 | D:5      | Found a radiant altar of Vehumet.
  3962 | D:5      | Found a hazy altar of Hepliaklqana.
  3963 | D:5      | Found a sacrificial altar of Ru.
  4416 | D:5      | HP: 1/66 [gnoll sergeant/trident (9)]
  5095 | D:5      | Reached *** piety under Okawaru
  5267 | D:5      | Reached XP level 8. HP: 74/75 MP: 7/7
  5269 | D:5      | Noticed Prince Ribbit
  5710 | D:6      | Noticed Menkaure
  5724 | D:6      | Killed Menkaure
  5833 | D:6      | Noticed Pikel
  5849 | D:6      | Killed Pikel
  5849 | D:6      | Reached skill level 10 in Fighting
  5934 | D:6      | Killed Blork the orc
  5974 | D:6      | Reached skill level 10 in Axes
  5998 | D:6      | Reached XP level 9. HP: 26/86 MP: 5/8
  6012 | D:6      | Slain by an orc warrior

Skill      XL: |  1  2  3  4  5  6  7  8 |
---------------+-------------------------+-----
Axes           | 4 5 7 8 10 | 10.5
Fighting       | 5 6 8 10 | 10.6
Armour         | |  0.8
Dodging        | |  3.2
Stealth        | |  1.5

Action                   |  1- 3 |  4- 6 |  7- 9 || total
-------------------------+-------+-------+-------++-------
Melee: Hand axe          |    73 |   157 |   223 ||   453
       Headbutt          |     9 |    22 |    47 ||    78
Throw: Stone             |       |    37 |       ||    37
Invok: Heroism           |       |     3 |     8 ||    11
  Use: Scroll            |       |     3 |       ||     3
       Potion            |       |       |     2 ||     2
  Eat: Chunk             |     1 |     7 |     5 ||    13
       Ration            |       |       |     1 ||     1
Armor: Ring mail         |    34 |     1 |       ||    35
       Scale mail        |       |    52 |    33 ||    85
       Skin              |       |       |    27 ||    27
       Plate armour      |       |       |    30 ||    30
Dodge: Dodged            |    52 |    59 |    56 ||   167
Block: Buckler           |       |    34 |    69 ||   103
